 Dungeon Crawl Stone Soup version 0.21.1-1-g345015f (webtiles) character file.

220 xccam the Cudgeler (level 5, 0/42 HPs)
             Began as a Demonspawn Abyssal Knight on Feb 14, 2018.
             Was a Believer of Lugonu.
             Succumbed to Dowan's poison
             ... on level 4 of the Dungeon.
             The game lasted 00:10:24 (3197 turns).

xccam the Cudgeler (Demonspawn Abyssal Knight)      Turns: 3197, Time: 00:10:25

Health: 0/42       AC: 10    Str: 17 (18) XL:     5   Next: 64%
Magic:  6/6        EV:  9    Int: 11 (13) God:    Lugonu [**....]
Gold:   126        SH:  0    Dex: 10 (13) Spells: 4/4 levels left

rFire    . . .     SeeInvis .   a - +2 mace
rCold    . . .     Gourm    .   (no shield)
rNeg     . . .     Faith    .   f - +1 scale mail
rPois    .         Spirit   .   m - +2 hat
rElec    .         Reflect  .   (no cloak)
rCorr    .         Harm     .   (no gloves)
MR       .....                  (no boots)
Stlth    ..........             (no amulet)
HPRegen  0.14/turn              (no ring)
MPRegen  0.10/turn              (no ring)

@: mighty, lethally poisoned (0 -> -7), glowing
A: horns 1, rugged brown scales 1, demonic guardian 1
a: Depart the Abyss, Bend Space, Renounce Religion


You were on level 4 of the Dungeon.
You worshipped Lugonu.
Lugonu was pleased with you.
You were not hungry.

You visited 1 branch of the dungeon, and saw 4 of its levels.
You visited the Abyss 1 time.

You collected 126 gold pieces.

Inventory:

Hand Weapons
 a - a +2 mace (weapon)
 d - a +0 dagger of venom
Missiles
 b - 74 stones (quivered)
Armour
 f - a +1 scale mail (worn)
 m - a +2 hat (worn)
Wands
 n - a wand of enslavement (8)
 q - a wand of random effects (13)
Scrolls
 e - a scroll of fog
 g - 3 scrolls of teleportation
 k - a scroll of remove curse
 o - a scroll of blinking
 p - a scroll of enchant weapon
Potions
 l - a potion of flight
Comestibles
 c - 4 rations
 i - a chunk of flesh


   Skills:
 - Level 3.0 Fighting
 * Level 5.0 Maces & Flails
 + Level 1.9 Throwing
 - Level 1.7 Armour
 - Level 0.8 Dodging
 - Level 2.4 Invocations


You had 4 spell levels left.
You didn't know any spells.

Dungeon Overview and Level Annotations

Branches:
Dungeon (4/15)
 Temple: D:4-7

Altars:
Uskayaw

Annotations:
D:4 Duvessa


Innate Abilities, Weirdness & Mutations

You have a pair of small horns on your head.
You are partially covered in rugged brown scales. (AC +1, +3% HP)
A weak demonic guardian rushes to your aid.


Message History

* * * LOW HITPOINT WARNING * * *
You feel sick.
* * * LOW HITPOINT WARNING * * *
You feel sick.
You see here 2 stones.
As you read the scroll labeled FAQAT HEZAY, it crumbles to dust.
It is a scroll of identify.
You don't have any unidentified items.
* * * LOW HITPOINT WARNING * * *
You feel sick.
* * * LOW HITPOINT WARNING * * *
You feel sick.
* * * LOW HITPOINT WARNING * * *
You feel sick.
An adder comes into view.
The adder hisses angrily.
Things that are here:
a dagger of venom; a runed robe; the elf corpse of Dowan
d - a dagger of venom You die...

######### #
#.................... #
#.................S.. #
#.................... #
#..........>......... #
#.................... #
#....................
####....................
.............#..@..#
####.........#..#### #
#.............#### #
####...###(##....# #
#####.#.#...#####.#
###.....#.#.### #.##
......[)#...# #..#
###.....†..## ##.#
###..##.## #.##


You could see an adder.

Vanquished Creatures
  Dowan (D:4)
  A hound (D:4)
  Ijyb (D:4)
  2 adders (D:3)
  2 worms (D:2)
  A dart slug (D:3)
  A leopard gecko (D:1)
  8 orcs
  A ball python (D:2)
  9 bats
  3 giant cockroaches
  12 goblins
  9 hobgoblins
  10 jackals
  2 quokkas
  A frilled lizard (D:3)
  6 kobolds
  13 rats
83 creatures vanquished.

Notes
Turn   | Place    | Note
-------+----------+-------------------------------------------
     0 | Abyss:1  | xccam the Demonspawn Abyssal Knight began the quest for the Orb.
     0 | Abyss:1  | Reached XP level 1. HP: 18/18 MP: 2/2
    85 | Abyss:1  | Noticed a large abomination
   156 | Abyss:1  | Noticed a small abomination
   157 | D:1      | Escaped the Abyss
   214 | D:1      | Reached skill level 2 in Maces & Flails
   464 | D:1      | Gained mutation: You are partially covered in rugged brown scales. (AC +1, +3% HP) [demonic ancestry]
   464 | D:1      | Reached XP level 2. HP: 17/24 MP: 3/3
   474 | D:1      | Reached * piety under Lugonu
   775 | D:1      | Reached skill level 3 in Maces & Flails
  1050 | D:2      | Gained mutation: A weak demonic guardian rushes to your aid. [demonic ancestry]
  1050 | D:2      | Reached XP level 3. HP: 29/29 MP: 4/4
  1541 | D:2      | Reached ** piety under Lugonu
  1705 | D:2      | Found a hide-covered altar of Uskayaw.
  1780 | D:2      | Gained mutation: You have a pair of small horns on your head. [demonic ancestry]
  1780 | D:2      | Reached XP level 4. HP: 36/36 MP: 5/5
  2079 | D:3      | Reached skill level 4 in Maces & Flails
  2423 | D:3      | Reached skill level 1 in Throwing
  3019 | D:4      | Reached XP level 5. HP: 39/42 MP: 6/6
  3037 | D:4      | Noticed Ijyb
  3057 | D:4      | Killed Ijyb
  3124 | D:4      | Noticed Duvessa
  3124 | D:4      | Noticed Dowan
  3188 | D:4      | Killed Dowan
  3188 | D:4      | Reached skill level 5 in Maces & Flails
  3194 | D:4      | HP: 2/42 [poisoned by Dowan]
  3197 | D:4      | Succumbed to Dowan's poison

Skill      XL: |  1  2  3  4  5 |
---------------+----------------+-----
Maces & Flails | 2 3 4 5 |  5.0
Throwing       | 1 |  1.9
Fighting       | |  3.0
Armour         | |  1.7
Dodging        | |  0.8
Invocations    | |  2.4

Action                   |  1- 3 |  4- 6 || total
-------------------------+-------+-------++-------
Melee: Mace              |   165 |   110 ||   275
       Headbutt          |       |    18 ||    18
Throw: Stone             |    42 |    55 ||    97
Invok: Depart the Abyss  |     1 |       ||     1
Evoke: Wand              |       |     5 ||     5
  Use: Scroll            |       |     9 ||     9
       Potion            |       |    10 ||    10
  Eat: Chunk             |     3 |     5 ||     8
Armor: Leather armour    |     5 |       ||     5
       Ring mail         |    87 |     8 ||    95
       Scale mail        |       |    53 ||    53
Dodge: Dodged            |   131 |    63 ||   194
